 Dungeon Crawl Stone Soup version 0.20.0-14-g326068f (webtiles) character file.

13 miragecloak the Insei (level 2, 0/18 HPs)
             Began as an Octopode Transmuter on June 8, 2017.
             Slain by a kobold
             ... wielding a +0 dagger
              (1 damage)
             ... on level 1 of the Dungeon.
             The game lasted 00:01:04 (620 turns).

miragecloak the Insei (Octopode Transmuter)          Turns: 620, Time: 00:01:05

Health: 0/18       AC:  1    Str:  9    XL:     2   Next: 37%
Magic:  5/5        EV: 13    Int: 15    God:
Gold:   94         SH:  0    Dex: 12    Spells: 4/5 levels left

rFire    . . .     SeeInvis .     - Unarmed
rCold    . . .     Gourm    .   (no shield)
rNeg     . . .     Faith    .   (helmet restricted)
rPois    .         Spirit   .   (no amulet)
rElec    .         Reflect  .   (no ring)
rCorr    .         Harm     .   (no ring)
MR       .....                  (no ring)
Stlth    ++........             (no ring)
Regen    0.1/turn               (no ring)
MPRegen  0.1/turn               (no ring)
                                (no ring)
                                (no ring)

@: no status effects
A: almost no armour, stealthy swim, amphibious, 8 rings, constrict 8, camouflage
1, gelatinous body 1
a: no special abilities


You were on level 1 of the Dungeon.
You were not hungry.

You visited 1 branch of the dungeon, and saw 1 of its levels.

You collected 94 gold pieces.

Inventory:

Missiles
 a - 12 arrows
Scrolls
 d - 2 scrolls of identify {unknown}
 h - 2 scrolls of remove curse {unknown}
Potions
 e - a potion of heal wounds {unknown}
 f - a potion of agility {unknown}
Books
 b - a book of Changes

   Spells                             Type                      Level
   a - Beastly Appendage              Transmutation                1
   b - Sticks to Snakes               Transmutation                2
   c - Spider Form                    Transmutation/Poison         3
   d - Ice Form                       Ice/Transmutation            4
   e - Blade Hands                    Transmutation                5
Comestibles
 c - a bread ration
 g - a meat ration


   Skills:
 - Level 1.0 Fighting
 - Level 2.0 Dodging
 - Level 3.0 Unarmed Combat
 - Level 2.0 Spellcasting
 + Level 3.0 Transmutations


You had 4 spell levels left.
You knew the following spells:

 Your Spells              Type           Power        Failure   Level  Hunger
a - Beastly Appendage     Tmut           ##....       6%          1    #......


Dungeon Overview and Level Annotations

Branches:
Dungeon (1/15)

Altars:


Innate Abilities, Weirdness & Mutations

You cannot wear most types of armour.
You are very stealthy in the water. (Stealth+)
You are amphibious.
You can wear up to eight rings at the same time.
You can use your tentacles to constrict eight enemies at once.
Your skin changes colour to match your surroundings (Stealth+).
Your rubbery body absorbs attacks. (AC +1, EV +1)


Message History

You constrict the hobgoblin, but do no damage.
The hobgoblin hits you with a club.
* * * LOW HITPOINT WARNING * * *
You tentacle-slap the hobgoblin. You squeeze the hobgoblin.
You kill the hobgoblin!
You tentacle-slap the frilled lizard.
You kill the frilled lizard!
Your Transmutations skill increases to level 3!
The kobold barely misses you.
Things that are here:
a club; a frilled lizard corpse; a kobold corpse You tentacle-slap the kobold.
You grab the kobold.
The kobold is moderately wounded.
You constrict the kobold, but do no damage.
The kobold misses you.
You tentacle-slap the kobold but do no damage.
The kobold is moderately wounded.
You constrict the kobold, but do no damage.
The kobold hits you with a dagger.
You die...

#..........#
#........>.#
#..........#
#..........#
#..........#
#........[.#
#.......)..#
#.#K######## #$#@# .
#.# ... .. #.# ... .#
##.# #.. .# #..# #.#
#####.##..#####.#
#####........##.....#
#.....#..######.....#
....####..## #.....#


You could see a kobold.

Vanquished Creatures
  A leopard gecko (D:1)
  A giant cockroach (D:1)
  2 goblins (D:1)
  3 hobgoblins (D:1)
  A kobold (D:1)
  A frilled lizard (D:1)
  A rat (D:1)
10 creatures vanquished.

Notes
Turn   | Place    | Note
-------+----------+-------------------------------------------
     0 | D:1      | miragecloak the Octopode Transmuter began the quest for the Orb.
     0 | D:1      | Reached XP level 1. HP: 13/13 MP: 3/3
   382 | D:1      | Reached XP level 2. HP: 11/18 MP: 3/5
   620 | D:1      | Slain by a kobold

Skill      XL: |  1  2 |
---------------+-------+-----
Transmutations | 3 |  3.0
Fighting       | |  1.0
Dodging        | |  2.0
Unarmed Combat | |  3.0
Spellcasting   | |  2.0

Action                   || total
-------------------------++-------
Melee: Unarmed           ||    29
       Constrict         ||     7
       Tentacles         ||     5
       Kick              ||     3
 Cast: Beastly Appendage ||     5
 Stab: Sleeping          ||     2
Armor: Skin              ||     1
Dodge: Dodged            ||     8
